 Dungeon Crawl Stone Soup version 0.16.0 (webtiles) character file.

2750 Fiveotanaka the Basher (level 9, -1/84 HPs)
             Began as an Ogre Berserker on Mar 20, 2015.
             Was a High Priest of Trog.
             Slain by a wight
             ... wielding a +2 great sword of freezing
              (19 damage)
             ... on level 8 of the Dungeon.
             The game lasted 00:13:11 (6809 turns).

Fiveotanaka the Basher (Ogre Berserker)             Turns: 6809, Time: 00:13:11

Health: -1/84      AC:  3    Str: 24    XL:     9   Next: 68%
Magic:  9/9        EV: 11    Int:  6    God:    Trog [*****.]
Gold:   345        SH:  0    Dex: 12    Spells: 0 memorised, 8 levels left

rFire  . . .     SeeInvis .     G - +2 flail (freeze) (curse)
rCold  . . .     Clarity  .     b - +0 animal skin
rNeg   . . .     SustAb   .     (shield restricted)
rPois  .         Gourm    .     (helmet restricted)
rElec  .         Spirit   .     (no cloak)
rCorr  .         Warding  .     (gloves unavailable)
rMut   .         Stasis   .     (boots unavailable)
MR     +....                    B - amulet of faith
Stlth  +.........               E - ring of flight (curse)
                                J - ring of protection from magic

@: drained, somewhat resistant to hostile enchantments, very unstealthy
A: unfitting armour, tough skin 1
a: Burn Spellbooks, Berserk, Trog's Hand, Brothers in Arms, Renounce Religion,
Evoke Flight


You were on level 8 of the Dungeon.
You worshipped Trog.
Trog was extremely pleased with you.
You were not hungry.

You visited 1 branch of the dungeon, and saw 8 of its levels.

You collected 345 gold pieces.

Inventory:

Hand weapons
 G - a cursed +2 flail of freezing (weapon)
Missiles
 f - 350 stones (quivered)
 t - 28 poisoned needles
 C - 2 throwing nets
Armour
 b - a +0 animal skin (worn)
Jewellery
 i - an uncursed ring of teleport control
 B - an amulet of faith (around neck)
 E - a cursed ring of flight (right hand)
 J - a ring of protection from magic (left hand)
Magical devices
 v - a wand of magic darts (45)
 w - a wand of draining (5)
 F - a wand of confusion (18)
Scrolls
 h - 3 scrolls of fear
 k - 2 scrolls of recharging
 l - a scroll of random uselessness {unknown}
 m - 2 scrolls of identify {unknown}
 p - 3 scrolls of enchant weapon
 q - 2 scrolls of fog
 s - a scroll of blinking {unknown}
 u - a scroll of noise {unknown}
 y - 3 scrolls of teleportation
 z - 2 scrolls of magic mapping
 I - 2 scrolls of enchant armour {unknown}
Potions
 e - 5 potions of curing
 j - a potion of agility {unknown}
 o - 3 potions of might {unknown}
 r - a potion of haste {unknown}
 x - a potion of heal wounds {unknown}
 A - a potion of degeneration {unknown}
 H - a potion of invisibility {unknown}
Comestibles
 a - a royal jelly
 c - 2 meat rations
 n - 3 bread rations


   Skills:
 - Level 4.0(3.1) Fighting
 * Level 14.8(13.6) Maces & Flails
 + Level 3.4(2.5) Armour
 + Level 4.1(3.2) Dodging


You had 8 spell levels left.
You didn't know any spells.

Dungeon Overview and Level Annotations

Branches:
Dungeon (8/15)             Temple (0/1) D:5
   Lair: D:8-11

Altars:
Kikubaaqudgha
Ru

Shops:
D:4 *


Innate Abilities, Weirdness & Mutations

You are too large for most types of armour.
You have tough skin (AC +1).


Message History

The wight hits you with a great sword of freezing!
The wight freezes you.
You sock the wight! You freeze the wight.
The wight is almost destroyed.
The wight hits you with a mace!
You hit the wight but do no damage.
The wight is almost destroyed.
You feel sick.
The wight hits you with a great sword of freezing!
* * * LOW HITPOINT WARNING * * *
The wight freezes you.
* * * LOW HITPOINT WARNING * * *
The wight hits you with a mace!
* * * LOW HITPOINT WARNING * * *
You feel drained.
* * * LOW HITPOINT WARNING * * *
Drink which item? (? for menu, Esc to quit)
It was a potion of curing.
You feel better.
The wight hits you with a great sword of freezing!!
You die...

##.## ##..##..## ####
###.# ##.....# # ###
#....## ## #####
##...## .## .##.#
##..### ##..#####
....# ##.###
#..(...... #...###.##
##z# #...##.## ###z##
#......# ##.@##
......## ##..##
.....)## ###..##
.......####.....###
###......รท.........#
##.....####....####
##....### ###..#
.....## #.... ..####
##.###


You could see 2 wights.

Vanquished Creatures
  The ghost of Fiveotanaka the Basher, an experienced OgBe of Trog (D:4)
  2 water moccasins
  Menkaure (D:7)
  An ice beast (D:5)
  A sky beast (D:5)
  A necrophage (D:7)
  2 centaurs (D:5)
  2 giant frogs
  A water moccasin zombie (D:7)
  A scorpion (D:8)
  11 wights
  A goliath beetle (D:6)
  5 crimson imps
  A hound (D:7)
  2 jellies
  A giant frog zombie (D:5)
  3 iguanas
  A centaur skeleton (D:7)
  2 orc wizards
  4 worker ants
  An orc priest (D:5)
  A killer bee zombie (D:7)
  Ijyb (D:7)
  2 hound zombies
  7 adders
  3 giant mites
  A shadow imp (D:5)
  2 worms
  An adder skeleton (D:6)
  An adder zombie (D:5)
  7 giant geckos
  3 oozes
  14 orcs
  13 bats
  A bat skeleton (D:4)
  A bat zombie (D:7)
  2 giant cockroaches
  9 goblins
  13 hobgoblins
  17 jackals
  10 kobolds
  A quokka (D:2)
  3 ball pythons
  4 giant newts
  A jackal zombie (D:6)
  A quokka zombie (D:5)
  10 rats
174 creatures vanquished.

Notes
Turn   | Place    | Note
--------------------------------------------------------------
     0 | D:1      | Fiveotanaka, the Ogre Berserker, began the quest for the Orb.
     0 | D:1      | Reached XP level 1. HP: 24/24 MP: 1/1
   100 | D:1      | Reached XP level 2. HP: 14/32 MP: 2/2
   651 | D:2      | Reached skill level 5 in Maces & Flails
   673 | D:2      | Reached XP level 3. HP: 39/39 MP: 3/3
   965 | D:2      | Acquired Trog's second power
  1178 | D:3      | Reached skill level 6 in Maces & Flails
  1226 | D:3      | Reached XP level 4. HP: 32/48 MP: 4/4
  1529 | D:3      | Reached skill level 7 in Maces & Flails
  1584 | D:3      | Reached XP level 5. HP: 24/54 MP: 5/5
  2348 | D:4      | Found an ancient bone altar of Kikubaaqudgha.
  2409 | D:4      | Reached skill level 8 in Maces & Flails
  2779 | D:4      | Acquired Trog's third power
  2834 | D:4      | Found Sesm's General Store.
  3195 | D:4      | Noticed Fiveotanaka's ghost (experienced OgBe)
  3210 | D:4      | Killed Fiveotanaka's ghost
  3210 | D:4      | Reached skill level 10 in Maces & Flails
  3210 | D:4      | Reached XP level 6. HP: 62/62 MP: 6/6
  3210 | D:4      | Reached XP level 7. HP: 70/70 MP: 7/7
  3266 | D:5      | Entered Level 5 of the Dungeon
  3392 | D:5      | Reached skill level 11 in Maces & Flails
  4018 | D:5      | Reached XP level 8. HP: 78/78 MP: 8/8
  4145 | D:5      | Found a staircase to the Ecumenical Temple.
  4216 | D:5      | Reached skill level 12 in Maces & Flails
  4731 | D:6      | Reached skill level 13 in Maces & Flails
  4989 | D:6      | Reached XP level 9. HP: 67/84 MP: 9/9
  5146 | D:7      | Noticed Ijyb
  5152 | D:7      | Killed Ijyb
  5152 | D:7      | Received a gift from Trog
  5183 | D:7      | Reached skill level 14 in Maces & Flails
  5368 | D:7      | Found a sacrificial altar of Ru.
  5434 | D:7      | Noticed Menkaure
  5440 | D:7      | Killed Menkaure
  6809 | D:8      | Slain by a wight

Action                   |  1- 3 |  4- 6 |  7- 9 || total
-------------------------+-------+-------+-------++-------
Melee: Mace              |    86 |    57 |       ||   143
       Flail             |       |    88 |   248 ||   336
Invok: Berserk           |       |     1 |       ||     1
  Use: Scroll            |       |     4 |     4 ||     8
       Potion            |       |       |     1 ||     1
  Eat: Chunk             |     1 |     6 |     8 ||    15
       Beef jerky        |       |       |     2 ||     2
       Pizza             |       |       |     1 ||     1
